 Dungeon Crawl Stone Soup version 0.19.0-11-g3fc08b3 (webtiles) character file.

67 dysrexia the Changer (level 3, 0/29 HPs)
             Began as a Demigod Transmuter on Nov 8, 2016.
             Succumbed to an adder's poison
             ... on level 2 of the Dungeon.
             The game lasted 00:05:46 (1606 turns).

dysrexia the Changer (Demigod Transmuter)           Turns: 1606, Time: 00:05:47

Health: 0/29       AC:  7    Str: 15    XL:     3   Next: 72%
Magic:  8/8        EV: 12    Int: 17    God:
Gold:   72         SH:  0    Dex: 16    Spells: 2 memorised, 2 levels left

rFire  . . .     SeeInvis .       - Unarmed
rCold  . . .     Gourm    .     b - +0 robe
rNeg   . . .     Faith    .     (no shield)
rPois  .         Spirit   .     g - +2 helmet
rElec  .         Reflect  .     (no cloak)
rCorr  .         Harm     .     (no gloves)
MR     .....                    (boots currently unavailable)
Stlth  +.........               (no amulet)
                                (no ring)
                                (no ring)

@: lethally poisoned (0 -> -9), appendage (expiring)
A: talons 3, thin metallic scales 1, blurry vision 1, high mp 1, robust 1
a: End Transformation


You were on level 2 of the Dungeon.
You were not hungry.
You had grown temporary talons.
You visited 1 branch of the dungeon, and saw 2 of its levels.

You collected 72 gold pieces.

Inventory:

Missiles
 a - 43 arrows
Armour
 b - a +0 robe (worn)
 g - a +2 helmet (worn)
 m - a +0 pair of boots
Jewellery
 f - an uncursed amulet of rage
Scrolls
 l - a scroll of random uselessness {unknown}
 o - a scroll of identify {unknown}
Books
 c - a book of Changes

   Spells                             Type                      Level
   a - Beastly Appendage              Transmutation                1
   b - Sticks to Snakes               Transmutation                2
   c - Spider Form                    Transmutation/Poison         3
   d - Ice Form                       Ice/Transmutation            4
   e - Blade Hands                    Transmutation                5
Comestibles
 d - a bread ration
 i - a beef jerky
 k - a slice of pizza
 n - 2 chunks of flesh


   Skills:
 - Level 0.8 Fighting
 - Level 1.7 Dodging
 + Level 3.2 Unarmed Combat
 - Level 1.7 Spellcasting
 * Level 3.4 Transmutations


You had 2 spell levels left.
You knew the following spells:

 Your Spells              Type           Power        Failure   Level  Hunger
a - Beastly Appendage     Tmut           ##....       6%          1    #......
b - Sticks to Snakes      Tmut           ##......     10%         2    ###....


Dungeon Overview and Level Annotations

Branches:
Dungeon (2/15)


Innate Abilities, Weirdness & Mutations

You have an increased reservoir of magic. (+10% MP)
You have claws for feet.
You are partially covered in thin metallic scales. (AC +2)
Scrolls take you a little longer to read.
You are robust. (+10% HP)


Message History

* * * LOW HITPOINT WARNING * * *
You feel sick.
Your transformation is almost over.
* * * LOW HITPOINT WARNING * * *
You feel sick.
You see here 2 chunks of flesh.
n - 2 chunks of flesh
* * * LOW HITPOINT WARNING * * *
You feel sick.
You begin reading the scroll.
You continue reading the scroll.
* * * LOW HITPOINT WARNING * * *
You feel sick.
As you read the scroll labeled JUHOSMEBOA, it crumbles to dust.
You feel aware of your surroundings.
It was a scroll of magic mapping.
* * * LOW HITPOINT WARNING * * *
You feel sick.
You begin reading the scroll.
You continue reading the scroll.
As you read the scroll labeled BOL PYDYTAPLA, it crumbles to dust.
You feel blessed for a moment.
It was a scroll of remove curse.
You die...

#.#,,*,*,* *,,*,****,*,,*
#.#,,*,*,*#####*,,*,**,*,*,,*
#.#,,*,*,*#...#*,,*,**,*,*,,*
#.#,,*,*,*#.#.#*,,*,,,,*,*,,*
#.#,,*,,,,#.#.#*,,******,*,,*
..#########.#.#*,,,,,,,,,*,,*
............#.##,,,,,,,,,,,,*
..###########..#########**+**
.># #...@.......,,,* ###
#.##########**** #.# #.# #.#
#.# ************#.*
,,,,,,,,,,,,,,*
***************


There were no monsters in sight!

Vanquished Creatures
  3 adders (D:2)
  An ooze (D:1)
  A worm (D:2)
  2 leopard geckos (D:1)
  3 bats
  2 giant cockroaches
  4 goblins
  5 hobgoblins (D:1)
  2 frilled lizards
  4 kobolds
  3 rats (D:1)
30 creatures vanquished.

Notes
Turn   | Place    | Note
-------+----------+-------------------------------------------
     0 | D:1      | dysrexia the Demigod Transmuter began the quest for the Orb.
     0 | D:1      | Reached XP level 1. HP: 15/15 MP: 5/5
     6 | D:1      | Noticed a wyvern
     6 | D:1      | Noticed a lindwurm
     6 | D:1      | Noticed a polar bear
   641 | D:1      | Reached XP level 2. HP: 14/22 MP: 7/7
   852 | D:1      | Learned a level 2 spell: Sticks to Snakes
  1297 | D:2      | Reached XP level 3. HP: 21/27 MP: 8/8
  1301 | D:2      | Found a faded altar of an unknown god.
  1599 | D:2      | Gained mutation: You are robust. (+10% HP) [potion of mutation]
  1599 | D:2      | Gained mutation: Scrolls take you a little longer to read. [potion of mutation]
  1599 | D:2      | Gained mutation: You are partially covered in thin metallic scales. (AC +2) [potion of mutation]
  1604 | D:2      | HP: 1/29 [poisoned by an adder]
  1606 | D:2      | Succumbed to an adder's poison

Skill      XL: |  1  2  3 |
---------------+----------+-----
Transmutations | 2 3 |  3.4
Unarmed Combat | 3 |  3.2
Fighting       | |  0.8
Dodging        | |  1.7
Spellcasting   | |  1.7

Action                   || total
-------------------------++-------
Melee: Unarmed           ||   131
       Kick              ||    14
 Cast: Beastly Appendage ||     6
  Use: Scroll            ||     2
       Potion            ||     1
  Eat: Chunk             ||     2
Armor: Robe              ||    57
Dodge: Dodged            ||    90
